Map: Kairos Junction LE

Players

Sated

  • Race: Protoss Protoss
  • League: Master
  • Spawn Location: 5:00

zuka - Winner!

  • Race: Protoss Protoss
  • League: Master
  • Spawn Location: 11:00

VOD

Have the link to the VOD?

Description

Time

  • Played on: July 1, 2019, 5:14 p.m.
  • Length: 4:16
Show
View Real Time Build Order
Export as new Build Order

Sated Protoss 

Build Orders: Cannon Rush 

Get SALT Encoding   

  1  0:00  Probe  
  12  0:06  Probe  
  14  0:19  Pylon  
  14  0:21  Probe  
  15  0:37  Forge  
  15  1:01  Pylon  
  15  1:02  Pylon  
  15  1:04  Pylon  
  15  1:07  Pylon  
  15  1:15  Pylon  
  15  1:18  Pylon  
  15  1:20  Pylon  
  15  1:21  Pylon  
  15  1:23  Probe  
  15  1:35  Photon Cannon  
  15  1:37  Photon Cannon  
  15  1:47  Photon Cannon  
  15  1:52  Pylon  
  15  2:02  Photon Cannon  
  15  2:03  Pylon  
  15  2:05  Pylon  
  15  2:11  Pylon  
  15  2:12  Photon Cannon  
  15  2:22  Photon Cannon  
  15  2:30  Photon Cannon  
  14  2:37  Photon Cannon  
  14  2:46  Photon Cannon  
  14  2:48  Photon Cannon  
  14  2:58  Photon Cannon  
  14  3:00  Gateway  
  14  3:06  Photon Cannon  
  14  3:18  Photon Cannon  
  14  3:22  Pylon  
  14  3:39  Zealot  
  14  3:43  Pylon, Photon Cannon  
Show
View Real Time Build Order
Export as new Build Order

zuka Protoss - Winner!

Build Orders:  

Get SALT Encoding   

  12  0:03  Probe  
  13  0:15  Probe  
  13  0:21  Pylon  
  14  0:23  Probe  
  15  0:35  Probe  
  15  0:39  Gateway  
  16  0:46  Probe  
  16  0:49  Assimilator  
  17  0:57  Assimilator  
  17  0:58  Probe  
  18  1:17  Zealot  
  20  1:53  Zealot  
  22  2:02  Cybernetics Core  
  22  2:21  Zealot  
  20  2:46  Probe  
  19  3:00  Zealot  
  21  3:19  Probe  
  22  3:30  Stalker  
  23  3:39  Pylon  
  23  4:02  Probe  
Tags
 
Add a new tag
Caveats
  • Supply blocks, unpowered buildings, or Contaminate may cause inaccurate times.
  • Supply counts are checked every 10 seconds.